[ AOE2 MATCH · #461222402 ]
UnrankedItalians vs Incas
[ REPLAY ANALYSIS · EXTRACTED FROM THE RECORDED GAME ]
Feudal
14:45
Castle
24:30
Imperial
38:34
| APM avg | 30.7 |
| APM peak | 59 |
| eAPM avg | 14.3 |
| Villagers / military | 75 / 69 |
Focus
⚔️ 28.6% · 🌾 71.4%
Archer ×31 · Genoese Crossbowman ×23 · Fishing Ship ×8 · Battering Ram ×5 · Trebuchet (Packed) ×4 · Spearman ×3
Feudal
15:04
Castle
22:20
Imperial
44:08
| APM avg | 40.0 |
| APM peak | 74 |
| eAPM avg | 16.2 |
| Villagers / military | 107 / 8 |
Focus
⚔️ 32.1% · 🌾 67.9%
Unknown (2550) ×98 · Fishing Ship ×6 · Kamayuk ×6 · Skirmisher ×1 · Trebuchet (Packed) ×1
Feudal
15:41
Castle
21:31
Imperial
—
| APM avg | 36.9 |
| APM peak | 73 |
| eAPM avg | 17.0 |
| Villagers / military | 74 / 95 |
Focus
⚔️ 18.8% · 🌾 81.2%
Conquistador ×85 · Fishing Ship ×15 · Battering Ram ×5 · Knight ×5
Feudal
13:30
Castle
18:15
Imperial
31:51
| APM avg | 22.6 |
| APM peak | 54 |
| eAPM avg | 14.8 |
| Villagers / military | 115 / 208 |
Focus
⚔️ 26.9% · 🌾 73.1%
Knight ×146 · Scout Cavalry ×29 · Skirmisher ×20 · Trebuchet (Packed) ×11 · Fishing Ship ×9 · Spearman ×1
Feudal
15:49
Castle
23:57
Imperial
—
| APM avg | 28.7 |
| APM peak | 91 |
| eAPM avg | 14.6 |
| Villagers / military | 60 / 39 |
Focus
⚔️ 19.8% · 🌾 80.2%
Skirmisher ×20 · Fishing Ship ×10 · Steppe Lancer ×6 · Iron Pagoda ×6 · Cavalry Archer ×3 · Scout Cavalry ×2
Feudal
12:45
Castle
22:24
Imperial
40:11
| APM avg | 18.8 |
| APM peak | 50 |
| eAPM avg | 11.5 |
| Villagers / military | 111 / 55 |
Focus
⚔️ 26.1% · 🌾 73.9%
War Wagon ×31 · Fishing Ship ×22 · Iron Pagoda ×6 · Unknown (2626) ×5 · Monk ×5 · Archer ×4
Feudal
15:08
Castle
35:32
Imperial
—
| APM avg | 29.5 |
| APM peak | 64 |
| eAPM avg | 13.8 |
| Villagers / military | 83 / 9 |
Focus
⚔️ 7.3% · 🌾 92.7%
Fishing Ship ×11 · Knight ×9
Feudal
13:51
Castle
18:07
Imperial
46:02
| APM avg | 20.4 |
| APM peak | 43 |
| eAPM avg | 15.3 |
| Villagers / military | 125 / 51 |
Focus
⚔️ 23.4% · 🌾 76.6%
Militia ×28 · Spearman ×17 · Fishing Ship ×8 · Battering Ram ×6
Match map
Initial resources + every placement click. Lines = walls · curves = elevation contours. ◆ gold · ⬟ stone · ● berries · ✦ relic · ◌ wall gap
Your base· Open — unwalled flank
Large Burger King's base· ✓ Closed at 22:20 · 32t walls · 2 gate(s)
Sanz1991's base· Open — 12t gap
SanjiJose's base· ✓ Closed at 18:15 · 12t walls · 2 gate(s)
St Gerard's base· Open — 4t gap
Level's base· Open — 4t gap
dauovit's base· Open — 3t gap
jonohalcrow's base· Open — 7t gap
Smoothed initial terrain · ◌ = detected wall gap · hover for details
Inputs per minute
— cfuneso - - Large Burger King
Build order — cfuneso
First 150 of 235 actions detected
| 0:42 | Build | Town Center |
| 1:14 | Build | Dock |
| 1:18 | Build | House |
| 3:05 | Create | Villager (Male) |
| 3:05 | Create | Villager (Male) |
| 3:05 | Create | Villager (Male) |
| 3:05 | Create | Villager (Male) |
| 3:06 | Create | Villager (Male) |
| 4:09 | Create | Fishing Ship |
| 4:37 | Create | Villager (Male) |
| 4:59 | Create | Fishing Ship |
| 4:59 | Create | Fishing Ship |
| 5:14 | Research | Loom |
| 5:39 | Create | Villager (Male) |
| 5:39 | Create | Villager (Male) |
| 5:39 | Create | Villager (Male) |
| 5:50 | Build | House |
| 6:20 | Create | Villager (Male) |
| 6:20 | Create | Villager (Male) |
| 6:20 | Create | Villager (Male) |
| 7:07 | Create | Villager (Male) |
| 7:12 | Create | Fishing Ship |
| 7:53 | Create | Villager (Male) |
| 7:53 | Create | Villager (Male) |
| 8:01 | Build | House |
| 8:34 | Build | House |
| 8:43 | Create | Villager (Male) |
| 8:46 | Create | Fishing Ship |
| 8:59 | Build | House |
| 9:09 | Create | Villager (Male) |
| 9:20 | Create | Villager (Male) |
| 9:39 | Create | Villager (Male) |
| 9:46 | Build | House |
| 9:49 | Create | Fishing Ship |
| 10:10 | Create | Villager (Male) |
| 10:22 | Build | House |
| 10:26 | Create | Fishing Ship |
| 10:33 | Create | Villager (Male) |
| 10:55 | Build | House |
| 10:59 | Create | Fishing Ship |
| 11:18 | Build | Mill |
| 11:23 | Create | Villager (Male) |
| 11:46 | Build | House |
| 11:57 | Create | Villager (Male) |
| 12:21 | Build | House |
| 12:26 | Research | Feudal Age |
| 13:04 | Build | House |
| 13:15 | Build | Barracks |
| 13:24 | Build | Lumber Camp |
| 13:41 | Build | House |
| 14:27 | Build | House |
| 14:45 | Age | Feudal Age |
| 14:55 | Build | Archery Range |
| 14:57 | Create | Spearman |
| 15:00 | Create | Villager (Male) |
| 15:00 | Create | Villager (Male) |
| 15:01 | Create | Villager (Male) |
| 15:09 | Research | Double-Bit Axe |
| 15:38 | Research | Town Watch |
| 15:40 | Create | Villager (Male) |
| 15:52 | Create | Skirmisher |
| 15:55 | Create | Archer |
| 15:55 | Create | Archer |
| 16:01 | Build | Blacksmith |
| 16:04 | Create | Villager (Male) |
| 16:09 | Build | House |
| 16:23 | Create | Spearman |
| 16:26 | Create | Villager (Male) |
| 16:51 | Build | Mining Camp |
| 16:54 | Create | Villager (Male) |
| 17:17 | Create | Villager (Male) |
| 17:29 | Create | Archer |
| 17:29 | Create | Archer |
| 17:36 | Research | Gold Mining |
| 17:45 | Build | House |
| 17:45 | Build | House |
| 17:55 | Research | Horse Collar |
| 18:03 | Create | Villager (Male) |
| 18:18 | Create | Spearman |
| 18:21 | Research | Fletching |
| 18:49 | Create | Archer |
| 18:49 | Create | Archer |
| 18:56 | Build | House |
| 19:01 | Create | Villager (Male) |
| 19:02 | Create | Villager (Male) |
| 19:25 | Build | Archery Range |
| 19:37 | Build | Farm |
| 19:37 | Build | Farm |
| 19:38 | Build | Farm |
| 19:39 | Build | Farm |
| 19:39 | Build | Farm |
| 19:43 | Create | Villager (Male) |
| 19:50 | Build | House |
| 19:50 | Build | House |
| 20:08 | Create | Villager (Male) |
| 20:46 | Create | Archer |
| 20:47 | Create | Archer |
| 20:55 | Build | House |
| 20:55 | Build | House |
| 21:00 | Create | Villager (Male) |
| 21:05 | Research | Stone Mining |
| 21:14 | Create | Villager (Male) |
| 21:30 | Build | Mining Camp |
| 21:41 | Research | Castle Age |
| 21:52 | Create | Archer |
| 21:53 | Create | Archer |
| 22:44 | Build | House |
| 22:45 | Build | House |
| 22:50 | Create | Archer |
| 22:51 | Create | Archer |
| 22:51 | Create | Archer |
| 23:46 | Research | Padded Archer Armor |
| 23:50 | Create | Villager (Male) |
| 24:12 | Build | House |
| 24:30 | Age | Castle Age |
| 24:34 | Build | Siege Workshop |
| 24:48 | Research | Thumb Ring |
| 24:50 | Research | Crossbowman (upgrade) |
| 24:53 | Create | Archer |
| 24:53 | Create | Archer |
| 24:53 | Create | Archer |
| 24:53 | Create | Archer |
| 25:06 | Create | Villager (Male) |
| 25:06 | Create | Villager (Male) |
| 25:06 | Create | Villager (Male) |
| 25:16 | Build | Siege Workshop |
| 25:41 | Create | Scorpion |
| 25:41 | Create | Scorpion |
| 25:56 | Build | Archery Range |
| 26:40 | Create | Battering Ram |
| 26:40 | Create | Battering Ram |
| 26:47 | Build | Siege Workshop |
| 27:15 | Create | Battering Ram |
| 27:15 | Create | Battering Ram |
| 27:40 | Create | Archer |
| 27:40 | Create | Archer |
| 28:16 | Create | Battering Ram |
| 28:37 | Create | Archer |
| 28:37 | Create | Archer |
| 28:46 | Build | Mining Camp |
| 28:59 | Build | Town Center |
| 29:12 | Build | Archery Range |
| 29:22 | Build | Barracks |
| 29:22 | Build | Barracks |
| 30:07 | Build | Castle |
| 30:56 | Create | Villager (Male) |
| 30:56 | Create | Villager (Male) |
| 30:57 | Create | Villager (Male) |
| 30:57 | Create | Villager (Male) |
| 31:11 | Create | Archer |
Build order — Large Burger King
First 150 of 360 actions detected
| 0:46 | Build | Town Center |
| 2:12 | Build | House |
| 2:20 | Build | House |
| 2:50 | Create | Villager (Male) |
| 2:51 | Create | Villager (Male) |
| 2:51 | Create | Villager (Male) |
| 2:51 | Create | Villager (Male) |
| 2:51 | Create | Villager (Male) |
| 3:59 | Build | Dock |
| 4:07 | Create | Villager (Male) |
| 4:07 | Create | Villager (Male) |
| 4:40 | Create | Villager (Male) |
| 4:41 | Create | Villager (Male) |
| 5:14 | Create | Villager (Male) |
| 5:14 | Create | Villager (Male) |
| 5:48 | Research | Loom |
| 5:52 | Create | Villager (Male) |
| 5:52 | Create | Villager (Male) |
| 6:08 | Create | Villager (Male) |
| 6:08 | Create | Villager (Male) |
| 6:24 | Create | Fishing Ship |
| 6:36 | Create | Villager (Male) |
| 6:36 | Create | Villager (Male) |
| 7:01 | Create | Villager (Male) |
| 7:17 | Create | Villager (Male) |
| 7:21 | Create | Fishing Ship |
| 7:45 | Create | Villager (Male) |
| 8:01 | Create | Villager (Male) |
| 8:03 | Create | Fishing Ship |
| 8:29 | Create | Villager (Male) |
| 9:14 | Create | Fishing Ship |
| 9:33 | Create | Villager (Male) |
| 9:52 | Build | Settlement |
| 9:54 | Create | Villager (Male) |
| 9:55 | Create | Villager (Male) |
| 10:09 | Build | House |
| 10:13 | Build | Palisade Gate |
| 10:14 | Create | Villager (Male) |
| 10:28 | Create | Villager (Male) |
| 10:32 | Create | Fishing Ship |
| 11:10 | Create | Villager (Male) |
| 11:14 | Create | Fishing Ship |
| 11:23 | Build | Palisade Wall |
| 11:32 | Build | Barracks |
| 11:33 | Create | Villager (Male) |
| 11:45 | Build | Palisade Wall |
| 11:46 | Create | Villager (Male) |
| 12:34 | Build | Palisade Wall |
| 12:36 | Create | Villager (Male) |
| 12:47 | Research | Feudal Age |
| 12:48 | Research | Feudal Age |
| 13:13 | Build | House |
| 13:45 | Build | House |
| 14:05 | Build | Palisade Wall |
| 14:29 | Build | Settlement |
| 15:04 | Age | Feudal Age |
| 15:15 | Build | Blacksmith |
| 15:33 | Build | Palisade Wall |
| 15:35 | Create | Villager (Male) |
| 15:47 | Create | Villager (Male) |
| 16:06 | Create | Unit 2550 |
| 16:24 | Create | Villager (Male) |
| 16:26 | Research | Horse Collar |
| 16:28 | Research | Double-Bit Axe |
| 16:42 | Create | Villager (Male) |
| 16:45 | Create | Unit 2550 |
| 17:05 | Build | Market |
| 17:08 | Create | Villager (Male) |
| 17:25 | Create | Villager (Male) |
| 17:34 | Build | Farm |
| 17:35 | Build | Farm |
| 17:36 | Build | Farm |
| 17:37 | Build | Farm |
| 17:38 | Build | Farm |
| 17:41 | Build | Farm |
| 17:58 | Create | Unit 2550 |
| 18:05 | Build | Palisade Gate |
| 18:14 | Create | Villager (Male) |
| 18:18 | Research | Wheelbarrow |
| 18:25 | Research | Wheelbarrow |
| 18:31 | Build | Archery Range |
| 18:58 | Build | Stone Wall |
| 19:08 | Build | Settlement |
| 19:16 | Research | Castle Age |
| 19:23 | Build | House |
| 20:01 | Build | Barracks |
| 20:04 | Research | Tech 1402 |
| 20:32 | Research | Gold Mining |
| 20:32 | Research | Stone Mining |
| 20:35 | Research | Stone Mining |
| 20:35 | Research | Stone Mining |
| 20:45 | Create | Unit 2550 |
| 21:16 | Create | Unit 2550 |
| 21:22 | Build | House |
| 21:37 | Create | Villager (Male) |
| 22:14 | Build | House |
| 22:20 | Age | Castle Age |
| 22:29 | Research | Tech 1351 |
| 22:38 | Create | Unit 2550 |
| 22:38 | Create | Unit 2550 |
| 22:52 | Build | Town Center |
| 23:01 | Create | Villager (Male) |
| 23:14 | Create | Unit 2550 |
| 23:35 | Build | Farm |
| 23:37 | Create | Villager (Male) |
| 24:01 | Create | Unit 2550 |
| 24:09 | Build | Farm |
| 24:10 | Create | Villager (Male) |
| 24:31 | Build | Castle |
| 25:05 | Create | Villager (Male) |
| 25:05 | Create | Villager (Male) |
| 25:07 | Build | Farm |
| 25:09 | Create | Villager (Male) |
| 25:09 | Create | Villager (Male) |
| 25:49 | Build | Castle |
| 25:52 | Create | Unit 2550 |
| 25:52 | Create | Unit 2550 |
| 25:53 | Create | Unit 2550 |
| 25:53 | Create | Unit 2550 |
| 26:03 | Build | Farm |
| 26:09 | Create | Unit 2550 |
| 26:09 | Create | Unit 2550 |
| 26:09 | Create | Unit 2550 |
| 26:30 | Create | Unit 2550 |
| 26:30 | Create | Unit 2550 |
| 26:31 | Create | Unit 2550 |
| 26:50 | Create | Unit 2550 |
| 27:15 | Create | Unit 2550 |
| 27:16 | Create | Villager (Male) |
| 27:17 | Create | Villager (Male) |
| 27:23 | Build | Settlement |
| 27:31 | Create | Unit 2550 |
| 27:32 | Create | Unit 2550 |
| 27:32 | Create | Unit 2550 |
| 27:37 | Create | Villager (Male) |
| 27:40 | Create | Villager (Male) |
| 27:44 | Build | Farm |
| 28:10 | Research | Squires |
| 28:19 | Create | Unit 2550 |
| 28:19 | Create | Unit 2550 |
| 28:31 | Create | Villager (Male) |
| 28:32 | Create | Villager (Male) |
| 28:35 | Build | Farm |
| 28:58 | Create | Unit 2550 |
| 28:58 | Create | Unit 2550 |
| 29:00 | Create | Villager (Male) |
| 29:00 | Create | Villager (Male) |
| 29:01 | Create | Villager (Male) |
| 29:07 | Create | Unit 2550 |
| 29:17 | Build | Farm |
Build order — Sanz1991
First 150 of 183 actions detected
| 0:46 | Build | Town Center |
| 1:38 | Build | Dock |
| 2:56 | Create | Villager (Male) ×4 |
| 2:56 | Create | Villager (Male) ×4 |
| 3:54 | Build | House |
| 4:09 | Research | Loom |
| 4:11 | Create | Villager (Male) |
| 4:11 | Create | Villager (Male) |
| 4:12 | Create | Villager (Male) |
| 4:12 | Create | Villager (Male) |
| 4:12 | Create | Villager (Male) |
| 4:34 | Create | Fishing Ship |
| 5:38 | Create | Villager (Male) |
| 5:39 | Create | Fishing Ship |
| 5:55 | Build | House |
| 6:22 | Create | Villager (Male) |
| 6:36 | Build | House |
| 7:14 | Create | Villager (Male) |
| 7:14 | Create | Villager (Male) |
| 7:14 | Create | Villager (Male) |
| 7:16 | Create | Fishing Ship |
| 7:38 | Build | House |
| 7:44 | Create | Villager (Male) |
| 8:18 | Create | Villager (Male) |
| 8:31 | Create | Villager (Male) |
| 8:32 | Create | Villager (Male) |
| 8:32 | Create | Villager (Male) |
| 8:37 | Create | Fishing Ship |
| 8:51 | Build | House |
| 9:06 | Create | Villager (Male) |
| 9:23 | Build | House |
| 9:47 | Create | Villager (Male) |
| 9:48 | Create | Villager (Male) |
| 10:02 | Create | Fishing Ship |
| 10:02 | Create | Fishing Ship |
| 10:10 | Build | House |
| 10:19 | Build | House |
| 10:32 | Create | Fishing Ship |
| 10:45 | Create | Villager (Male) |
| 10:45 | Create | Villager (Male) |
| 10:47 | Create | Villager (Male) |
| 11:01 | Build | House |
| 11:24 | Build | House |
| 11:26 | Build | House |
| 11:32 | Create | Villager (Male) |
| 11:32 | Create | Villager (Male) |
| 11:39 | Create | Fishing Ship |
| 12:19 | Build | Dock |
| 12:52 | Build | Lumber Camp |
| 13:15 | Build | Mill |
| 13:25 | Build | Palisade Wall |
| 13:31 | Research | Feudal Age |
| 13:32 | Research | Feudal Age |
| 14:06 | Build | Mining Camp |
| 14:22 | Create | Fishing Ship |
| 14:26 | Create | Fishing Ship |
| 15:04 | Build | Palisade Wall |
| 15:09 | Build | Palisade Wall |
| 15:14 | Build | Palisade Wall |
| 15:14 | Build | Palisade Wall |
| 15:17 | Build | Palisade Wall |
| 15:21 | Create | Villager (Male) |
| 15:21 | Create | Villager (Male) |
| 15:22 | Create | Villager (Male) |
| 15:24 | Create | Villager (Male) |
| 15:41 | Age | Feudal Age |
| 15:47 | Create | Fishing Ship |
| 16:15 | Research | Double-Bit Axe |
| 16:15 | Research | Double-Bit Axe |
| 16:18 | Research | Horse Collar |
| 16:18 | Research | Horse Collar |
| 16:31 | Build | Market |
| 16:38 | Create | Villager (Male) |
| 16:38 | Create | Villager (Male) |
| 16:42 | Research | Stone Mining |
| 16:42 | Research | Stone Mining |
| 16:45 | Create | Villager (Male) |
| 17:09 | Create | Fishing Ship |
| 17:27 | Build | Blacksmith |
| 17:41 | Build | Farm |
| 17:42 | Build | Farm |
| 17:44 | Build | Farm |
| 17:45 | Build | Farm |
| 18:06 | Build | Mining Camp |
| 18:51 | Research | Castle Age |
| 19:08 | Build | Lumber Camp |
| 19:23 | Research | Wheelbarrow |
| 19:24 | Research | Town Watch |
| 21:00 | Build | Palisade Gate |
| 21:17 | Research | Gold Mining |
| 21:31 | Age | Castle Age |
| 21:48 | Create | Villager (Male) ×5 |
| 21:56 | Build | Town Center |
| 22:32 | Build | Castle |
| 22:44 | Build | House |
| 22:58 | Build | House |
| 23:00 | Build | House |
| 23:14 | Build | House |
| 23:26 | Research | Fletching |
| 23:26 | Research | Fletching |
| 23:37 | Build | Town Center |
| 23:50 | Build | Lumber Camp |
| 23:58 | Create | Villager (Male) ×5 |
| 24:15 | Create | Conquistador ×5 |
| 24:23 | Create | Villager (Male) |
| 24:46 | Create | Conquistador |
| 25:45 | Build | Siege Workshop |
| 25:48 | Research | Bow Saw |
| 25:48 | Research | Bow Saw |
| 26:31 | Research | Hand Cart |
| 26:34 | Create | Villager (Male) ×5 |
| 26:44 | Build | Dock |
| 26:54 | Research | Tech 906 |
| 27:01 | Create | Fishing Ship |
| 27:14 | Create | Battering Ram |
| 27:28 | Create | Battering Ram |
| 27:30 | Create | Conquistador |
| 27:30 | Create | Conquistador |
| 27:31 | Create | Conquistador |
| 27:58 | Build | Mining Camp |
| 28:02 | Create | Villager (Male) |
| 28:02 | Create | Villager (Male) |
| 28:07 | Create | Battering Ram |
| 28:26 | Create | Battering Ram |
| 28:36 | Build | Farm |
| 28:37 | Build | Farm |
| 28:37 | Build | Farm |
| 28:37 | Build | Farm |
| 28:37 | Build | Farm |
| 28:45 | Research | Heavy Plow |
| 28:45 | Research | Heavy Plow |
| 29:00 | Create | Fishing Ship |
| 29:07 | Create | Fishing Ship |
| 29:19 | Create | Conquistador |
| 29:19 | Create | Conquistador |
| 29:20 | Create | Conquistador |
| 29:23 | Create | Villager (Male) |
| 29:23 | Create | Villager (Male) |
| 29:24 | Create | Villager (Male) |
| 29:41 | Create | Battering Ram |
| 29:48 | Build | Farm |
| 29:55 | Build | Farm |
| 29:55 | Build | Farm |
| 29:56 | Build | Farm |
| 29:56 | Build | Farm |
| 29:56 | Build | Farm |
| 29:57 | Build | Farm |
| 29:58 | Build | Farm |
| 30:06 | Build | Castle |
| 30:31 | Research | Scale Barding Armor |
Build order — SanjiJose
First 150 of 308 actions detected
| 0:12 | Build | Town Center |
| 0:34 | Build | Dock |
| 1:32 | Build | House |
| 2:31 | Create | Villager (Male) |
| 2:31 | Create | Villager (Male) |
| 2:31 | Create | Villager (Male) |
| 2:32 | Create | Villager (Male) |
| 2:32 | Create | Villager (Male) |
| 3:26 | Research | Loom |
| 3:30 | Create | Villager (Male) |
| 4:17 | Create | Villager (Male) |
| 4:37 | Create | Fishing Ship |
| 4:37 | Create | Fishing Ship |
| 5:06 | Create | Villager (Male) |
| 5:14 | Build | House |
| 5:34 | Create | Villager (Male) |
| 5:58 | Create | Villager (Male) |
| 6:05 | Build | House |
| 6:18 | Create | Villager (Male) |
| 6:19 | Create | Villager (Male) |
| 6:57 | Create | Villager (Male) |
| 6:57 | Create | Villager (Male) |
| 7:25 | Create | Villager (Male) |
| 7:42 | Create | Fishing Ship |
| 7:45 | Build | House |
| 7:46 | Build | House |
| 7:49 | Create | Fishing Ship |
| 8:13 | Create | Villager (Male) |
| 8:37 | Build | Lumber Camp |
| 8:45 | Create | Villager (Male) |
| 9:09 | Create | Villager (Male) |
| 9:33 | Create | Villager (Male) |
| 9:44 | Create | Villager (Male) |
| 9:48 | Create | Fishing Ship |
| 10:02 | Create | Villager (Male) |
| 10:09 | Build | Mill |
| 10:28 | Create | Villager (Male) |
| 10:52 | Build | House |
| 11:20 | Research | Feudal Age |
| 11:27 | Build | House |
| 11:28 | Build | House |
| 11:35 | Create | Villager (Male) |
| 11:41 | Create | Fishing Ship |
| 12:10 | Create | Villager (Male) |
| 12:21 | Build | House |
| 12:35 | Build | Mining Camp |
| 12:54 | Create | Fishing Ship |
| 13:30 | Age | Feudal Age |
| 13:43 | Build | Market |
| 13:48 | Create | Villager (Male) |
| 14:00 | Build | Blacksmith |
| 14:18 | Build | Barracks |
| 14:24 | Create | Villager (Male) |
| 14:35 | Build | Farm |
| 14:46 | Build | Gate |
| 15:08 | Create | Villager (Male) |
| 15:14 | Research | Castle Age |
| 15:35 | Build | Stone Wall |
| 15:39 | Build | House |
| 15:51 | Create | Spearman |
| 16:01 | Build | Gate |
| 16:22 | Research | Wheelbarrow |
| 16:28 | Research | Double-Bit Axe |
| 16:51 | Build | Stone Wall |
| 17:18 | Build | Mining Camp |
| 18:15 | Age | Castle Age |
| 18:27 | Create | Villager (Male) |
| 18:27 | Create | Villager (Male) |
| 18:27 | Create | Villager (Male) |
| 18:39 | Build | Town Center |
| 19:23 | Create | Fishing Ship |
| 19:23 | Research | Tech 906 |
| 19:27 | Create | Transport Ship |
| 19:30 | Create | Fishing Ship |
| 19:34 | Research | Horse Collar |
| 19:35 | Create | Villager (Male) |
| 19:36 | Create | Villager (Male) |
| 19:36 | Create | Villager (Male) |
| 19:36 | Create | Villager (Male) |
| 19:36 | Create | Villager (Male) |
| 19:36 | Create | Villager (Male) |
| 19:37 | Create | Villager (Male) |
| 20:10 | Build | Town Center |
| 20:28 | Build | House |
| 20:29 | Build | House |
| 20:31 | Build | House |
| 20:33 | Build | House |
| 21:10 | Build | Mill |
| 21:22 | Create | Villager (Male) ×5 |
| 21:22 | Create | Villager (Male) ×5 |
| 21:43 | Research | Gold Mining |
| 22:14 | Create | Villager (Male) ×2 |
| 22:31 | Create | Villager (Male) ×2 |
| 22:47 | Build | House |
| 22:48 | Build | House |
| 22:49 | Build | House |
| 23:10 | Create | Villager (Male) |
| 23:11 | Create | Villager (Male) |
| 23:19 | Research | Heavy Plow |
| 23:38 | Create | Villager (Male) ×4 |
| 23:51 | Build | Stable |
| 23:52 | Build | Stable |
| 24:08 | Build | Farm |
| 24:08 | Build | Farm |
| 24:09 | Build | Farm |
| 24:10 | Build | Farm |
| 24:10 | Build | Farm |
| 24:11 | Build | Farm |
| 24:12 | Build | Farm |
| 24:13 | Build | Farm |
| 24:21 | Create | Villager (Male) |
| 24:24 | Create | Villager (Male) |
| 24:39 | Create | Villager (Male) |
| 24:47 | Create | Villager (Male) |
| 24:47 | Create | Villager (Male) |
| 24:50 | Create | Villager (Male) |
| 25:07 | Build | Mill |
| 25:08 | Build | Farm |
| 25:08 | Build | Farm |
| 25:08 | Build | Farm |
| 25:08 | Build | Farm |
| 25:09 | Build | Farm |
| 25:09 | Build | Farm |
| 25:10 | Build | Farm |
| 25:10 | Build | Farm |
| 25:16 | Create | Villager (Male) ×5 |
| 25:23 | Research | Bow Saw |
| 25:30 | Build | Town Center |
| 25:45 | Research | Husbandry |
| 26:00 | Create | Villager (Male) ×5 |
| 26:21 | Build | Castle |
| 26:54 | Build | Stable |
| 26:54 | Build | Stable |
| 26:55 | Build | Stable |
| 26:56 | Build | Stable |
| 26:56 | Build | Stable |
| 26:56 | Build | Stable |
| 26:56 | Build | Stable |
| 27:22 | Create | Villager (Male) |
| 27:22 | Create | Villager (Male) |
| 27:22 | Create | Villager (Male) |
| 27:33 | Build | Mining Camp |
| 27:54 | Build | Monastery |
| 27:57 | Build | University |
| 28:31 | Create | Villager (Male) |
| 28:31 | Create | Villager (Male) |
| 28:41 | Research | Imperial Age |
| 28:47 | Research | Hand Cart |
| 28:48 | Create | Villager (Male) ×5 |
| 28:48 | Create | Villager (Male) ×5 |
Build order — St Gerard
First 150 of 177 actions detected
| 0:43 | Build | House |
| 1:11 | Build | Town Center |
| 3:28 | Create | Villager (Male) |
| 3:28 | Create | Villager (Male) |
| 3:28 | Create | Villager (Male) |
| 3:28 | Create | Villager (Male) |
| 3:43 | Build | Dock |
| 5:04 | Create | Fishing Ship |
| 5:10 | Build | House |
| 5:21 | Research | Loom |
| 5:27 | Create | Villager (Male) |
| 5:57 | Create | Villager (Male) |
| 6:48 | Create | Villager (Male) |
| 6:49 | Create | Fishing Ship |
| 6:57 | Build | House |
| 7:02 | Create | Villager (Male) |
| 7:50 | Create | Villager (Male) |
| 7:54 | Create | Villager (Male) |
| 8:05 | Create | Fishing Ship |
| 8:07 | Create | Villager (Male) |
| 8:26 | Create | Villager (Male) |
| 8:39 | Build | House |
| 8:59 | Create | Fishing Ship |
| 9:02 | Create | Villager (Male) |
| 9:24 | Create | Villager (Male) |
| 9:33 | Create | Fishing Ship |
| 10:31 | Create | Villager (Male) |
| 10:32 | Create | Fishing Ship |
| 11:19 | Create | Villager (Male) |
| 11:20 | Create | Fishing Ship |
| 11:46 | Build | House |
| 11:48 | Build | House |
| 12:19 | Create | Villager (Male) |
| 12:20 | Create | Fishing Ship |
| 12:24 | Build | House |
| 12:25 | Build | House |
| 12:37 | Build | Palisade Wall |
| 12:42 | Build | Palisade Wall |
| 12:47 | Create | Villager (Male) |
| 12:59 | Build | Lumber Camp |
| 13:00 | Create | Fishing Ship |
| 13:39 | Research | Feudal Age |
| 14:32 | Create | Fishing Ship |
| 15:49 | Age | Feudal Age |
| 15:53 | Research | Wheelbarrow |
| 15:56 | Research | Tech 906 |
| 16:33 | Research | Double-Bit Axe |
| 17:28 | Build | Mining Camp |
| 17:49 | Create | Villager (Male) |
| 18:18 | Create | Villager (Male) |
| 18:44 | Build | Mill |
| 18:50 | Create | Villager (Male) |
| 18:50 | Create | Villager (Male) |
| 18:56 | Research | Gold Mining |
| 19:24 | Build | Blacksmith |
| 20:04 | Build | Lumber Camp |
| 20:14 | Build | Market |
| 20:52 | Create | Villager (Male) |
| 21:04 | Research | Castle Age |
| 22:02 | Build | Barracks |
| 22:57 | Build | Stable |
| 23:04 | Build | Archery Range |
| 23:11 | Research | Fletching |
| 23:57 | Age | Castle Age |
| 24:02 | Build | Town Center |
| 24:05 | Research | Hand Cart |
| 24:07 | Research | Bow Saw |
| 24:27 | Create | Cavalry Archer |
| 24:27 | Create | Cavalry Archer |
| 24:31 | Create | Steppe Lancer |
| 24:31 | Create | Steppe Lancer |
| 24:43 | Build | Siege Workshop |
| 24:57 | Research | Tech 1014 |
| 25:01 | Create | Villager (Male) |
| 25:02 | Create | Villager (Male) |
| 25:03 | Research | Bodkin Arrow |
| 25:11 | Create | Cavalry Archer |
| 25:14 | Create | Steppe Lancer |
| 25:25 | Build | House |
| 25:26 | Build | House |
| 25:28 | Build | House |
| 25:29 | Build | House |
| 25:29 | Build | House |
| 25:30 | Build | House |
| 25:51 | Build | Pasture |
| 25:52 | Build | Pasture |
| 25:54 | Build | Pasture |
| 26:00 | Build | Pasture |
| 26:04 | Create | Villager (Male) |
| 26:04 | Create | Villager (Male) |
| 26:10 | Create | Iron Pagoda |
| 26:23 | Create | Steppe Lancer |
| 26:24 | Research | Husbandry |
| 27:08 | Create | Iron Pagoda |
| 27:09 | Create | Villager (Male) |
| 27:10 | Create | Villager (Male) |
| 27:27 | Create | Skirmisher |
| 28:04 | Create | Villager (Male) |
| 28:04 | Create | Villager (Male) |
| 28:52 | Research | Elite Skirmisher (upgrade) |
| 28:53 | Create | Skirmisher |
| 28:53 | Create | Skirmisher |
| 29:49 | Create | Villager (Male) |
| 29:49 | Create | Villager (Male) |
| 30:05 | Build | Mining Camp |
| 30:14 | Create | Scout Cavalry |
| 30:15 | Create | Scout Cavalry |
| 30:49 | Create | Skirmisher |
| 30:49 | Create | Skirmisher |
| 31:35 | Create | Iron Pagoda |
| 31:51 | Create | Skirmisher |
| 31:51 | Create | Skirmisher |
| 32:00 | Create | Villager (Male) |
| 32:00 | Create | Villager (Male) |
| 32:44 | Create | Villager (Male) |
| 32:44 | Create | Villager (Male) |
| 32:45 | Create | Villager (Male) |
| 32:46 | Create | Villager (Male) |
| 32:49 | Create | Iron Pagoda |
| 33:00 | Build | Archery Range |
| 33:03 | Research | Padded Archer Armor |
| 33:12 | Create | Villager (Male) |
| 33:12 | Create | Villager (Male) |
| 33:21 | Build | University |
| 33:34 | Create | Skirmisher |
| 33:35 | Create | Skirmisher |
| 34:58 | Research | Thumb Ring |
| 34:58 | Create | Skirmisher ×5 |
| 35:33 | Create | Iron Pagoda |
| 35:36 | Create | Villager (Male) |
| 35:36 | Create | Villager (Male) |
| 35:37 | Create | Villager (Male) |
| 35:37 | Create | Villager (Male) |
| 35:51 | Build | Castle |
| 37:11 | Create | Battering Ram |
| 37:11 | Create | Battering Ram |
| 37:33 | Build | Lumber Camp |
| 37:38 | Create | Iron Pagoda |
| 37:52 | Create | Villager (Male) |
| 37:54 | Create | Villager (Male) |
| 38:00 | Build | Stable |
| 38:01 | Build | Stable |
| 38:07 | Create | Steppe Lancer |
| 38:08 | Create | Steppe Lancer |
| 38:23 | Research | Scale Barding Armor |
| 40:08 | Build | Castle |
| 41:20 | Build | Town Center |
| 41:24 | Create | Villager (Male) |
| 41:24 | Create | Villager (Male) |
| 41:26 | Create | Villager (Male) |
Build order — Level
First 150 of 256 actions detected
| 0:23 | Build | Town Center |
| 0:54 | Build | Dock |
| 0:57 | Build | House |
| 2:49 | Create | Villager (Male) ×4 |
| 2:49 | Create | Villager (Male) ×4 |
| 2:51 | Research | Loom |
| 3:42 | Create | Fishing Ship |
| 4:23 | Create | Villager (Male) |
| 4:28 | Create | Fishing Ship |
| 4:49 | Build | House |
| 5:16 | Create | Villager (Male) |
| 5:40 | Create | Villager (Male) |
| 5:41 | Create | Villager (Male) |
| 6:01 | Create | Villager (Male) |
| 6:22 | Build | House |
| 6:33 | Create | Villager (Male) |
| 6:46 | Create | Villager (Male) |
| 7:01 | Build | House |
| 7:13 | Create | Villager (Male) |
| 7:34 | Create | Villager (Male) |
| 7:58 | Create | Fishing Ship |
| 8:00 | Create | Villager (Male) |
| 8:24 | Create | Villager (Male) |
| 8:27 | Create | Fishing Ship |
| 8:38 | Build | House |
| 8:51 | Create | Villager (Male) |
| 9:06 | Build | Lumber Camp |
| 9:19 | Create | Villager (Male) |
| 9:44 | Create | Villager (Male) |
| 9:48 | Create | Fishing Ship |
| 10:35 | Research | Feudal Age |
| 10:44 | Build | Mining Camp |
| 11:48 | Build | Mining Camp |
| 11:52 | Create | Villager (Male) |
| 11:53 | Create | Villager (Male) |
| 12:02 | Build | Mill |
| 12:45 | Age | Feudal Age |
| 12:49 | Research | Double-Bit Axe |
| 13:38 | Create | Villager (Male) |
| 13:38 | Create | Villager (Male) |
| 13:48 | Build | Dock |
| 13:52 | Create | Unit 2626 |
| 13:52 | Create | Unit 2626 |
| 14:09 | Create | Villager (Male) |
| 14:14 | Build | House |
| 14:31 | Create | Villager (Male) |
| 14:36 | Build | Outpost |
| 15:01 | Build | House |
| 15:23 | Create | Villager (Male) |
| 15:38 | Build | Outpost |
| 16:19 | Build | House |
| 16:21 | Create | Villager (Male) |
| 16:23 | Create | Villager (Male) |
| 16:32 | Create | Unit 2626 |
| 16:32 | Create | Unit 2626 |
| 16:38 | Build | House |
| 16:51 | Create | Villager (Male) |
| 16:54 | Build | House |
| 17:00 | Create | Unit 2626 |
| 17:28 | Create | Villager (Male) |
| 17:36 | Research | Wheelbarrow |
| 18:31 | Build | Market |
| 18:50 | Build | Blacksmith |
| 19:00 | Create | Villager (Male) |
| 19:15 | Create | Galley |
| 19:15 | Create | Galley |
| 19:28 | Create | Villager (Male) |
| 19:40 | Research | Castle Age |
| 19:44 | Research | Castle Age |
| 19:52 | Build | Lumber Camp |
| 20:04 | Create | Fishing Ship |
| 20:15 | Create | Villager (Male) |
| 20:15 | Create | Villager (Male) |
| 20:18 | Research | Stone Mining |
| 20:28 | Research | Horse Collar |
| 20:32 | Research | Tech 906 |
| 20:47 | Create | Galley |
| 21:12 | Build | Barracks |
| 22:13 | Build | Archery Range |
| 22:15 | Build | Archery Range |
| 22:24 | Age | Castle Age |
| 22:31 | Build | Castle |
| 22:37 | Research | Gold Mining |
| 22:39 | Research | Bow Saw |
| 22:42 | Create | Villager (Male) |
| 22:49 | Research | Fletching |
| 22:52 | Research | War Galley (upgrade) |
| 23:08 | Build | Stable |
| 23:14 | Create | Villager (Male) |
| 23:17 | Research | Town Watch |
| 23:43 | Create | Villager (Male) |
| 23:50 | Create | War Wagon ×4 |
| 23:51 | Create | War Wagon ×4 |
| 23:53 | Create | Villager (Male) |
| 23:54 | Create | Villager (Male) |
| 24:10 | Research | Gold Shaft Mining |
| 24:12 | Create | War Wagon |
| 24:41 | Create | Villager (Male) |
| 24:51 | Build | University |
| 25:05 | Build | Monastery |
| 25:08 | Create | War Wagon |
| 25:24 | Create | Villager (Male) |
| 25:36 | Create | Fishing Ship ×5 |
| 25:51 | Build | Dock |
| 25:58 | Create | Monk |
| 26:08 | Research | Husbandry |
| 26:09 | Create | Villager (Male) |
| 26:22 | Build | Siege Workshop |
| 26:29 | Create | War Wagon |
| 26:29 | Create | War Wagon |
| 26:30 | Create | War Wagon |
| 26:30 | Create | War Wagon |
| 26:33 | Create | Villager (Male) |
| 26:38 | Build | Mill |
| 27:01 | Create | Villager (Male) |
| 27:01 | Create | Villager (Male) |
| 27:37 | Create | Iron Pagoda |
| 28:09 | Create | Villager (Male) |
| 28:21 | Create | Villager (Male) |
| 28:22 | Create | Villager (Male) |
| 28:27 | Research | Ballistics |
| 28:42 | Build | Castle |
| 28:51 | Create | Monk |
| 29:09 | Create | Villager (Male) |
| 30:03 | Create | Villager (Male) |
| 30:03 | Create | Villager (Male) |
| 30:04 | Create | Villager (Male) |
| 30:33 | Build | Town Center |
| 30:46 | Create | Knight |
| 30:48 | Create | Villager (Male) |
| 30:48 | Create | Villager (Male) |
| 30:52 | Build | Lumber Camp |
| 31:07 | Create | Monk |
| 31:10 | Create | Villager (Male) |
| 31:12 | Research | Stone Shaft Mining |
| 31:27 | Research | Hand Cart |
| 31:29 | Build | Mining Camp |
| 31:42 | Create | Iron Pagoda |
| 31:52 | Create | Villager (Male) |
| 31:52 | Create | Villager (Male) |
| 32:04 | Research | Fervor |
| 32:05 | Research | Sanctity |
| 32:08 | Create | Villager (Male) |
| 32:26 | Build | Town Center |
| 32:28 | Create | Villager (Male) |
| 32:29 | Create | Villager (Male) |
| 32:29 | Create | Villager (Male) |
| 32:34 | Build | Outpost |
| 32:49 | Create | Iron Pagoda |
| 32:52 | Create | Villager (Male) |
Build order — dauovit
First 150 of 182 actions detected
| 1:55 | Build | Town Center |
| 2:13 | Build | House |
| 2:14 | Build | House |
| 2:21 | Build | Dock |
| 2:43 | Build | House |
| 4:10 | Create | Villager (Male) |
| 4:12 | Create | Villager (Male) |
| 4:12 | Create | Villager (Male) |
| 4:12 | Create | Villager (Male) |
| 4:13 | Create | Villager (Male) |
| 4:51 | Research | Loom |
| 5:53 | Create | Fishing Ship |
| 5:53 | Create | Fishing Ship |
| 6:28 | Create | Fishing Ship |
| 6:28 | Create | Fishing Ship |
| 7:23 | Create | Villager (Male) |
| 7:24 | Create | Villager (Male) |
| 7:24 | Create | Villager (Male) |
| 7:57 | Create | Villager (Male) |
| 7:57 | Create | Villager (Male) |
| 8:29 | Create | Villager (Male) |
| 8:30 | Create | Villager (Male) |
| 8:30 | Create | Villager (Male) |
| 8:30 | Create | Villager (Male) |
| 8:36 | Create | Villager (Male) |
| 9:03 | Create | Fishing Ship |
| 9:26 | Build | House |
| 9:39 | Create | Villager (Male) |
| 9:39 | Create | Villager (Male) |
| 9:39 | Create | Villager (Male) |
| 9:39 | Create | Villager (Male) |
| 9:40 | Create | Villager (Male) |
| 10:00 | Build | House |
| 10:03 | Create | Villager (Male) |
| 10:04 | Create | Villager (Male) |
| 10:25 | Create | Villager (Male) |
| 10:25 | Create | Villager (Male) |
| 10:45 | Create | Fishing Ship |
| 10:45 | Create | Fishing Ship |
| 11:02 | Build | House |
| 11:06 | Create | Villager (Male) |
| 11:07 | Create | Villager (Male) |
| 11:07 | Create | Villager (Male) |
| 11:46 | Build | Mill |
| 11:51 | Create | Villager (Male) |
| 11:52 | Create | Villager (Male) |
| 11:52 | Create | Villager (Male) |
| 12:15 | Create | Fishing Ship |
| 12:15 | Create | Fishing Ship |
| 12:58 | Research | Feudal Age |
| 13:15 | Build | Mining Camp |
| 13:49 | Create | Fishing Ship |
| 13:51 | Create | Fishing Ship |
| 14:54 | Create | Villager (Male) |
| 14:54 | Create | Villager (Male) |
| 15:08 | Build | Lumber Camp |
| 15:08 | Age | Feudal Age |
| 17:00 | Research | Double-Bit Axe |
| 17:41 | Build | Farm |
| 17:51 | Build | Barracks |
| 17:54 | Create | Villager (Male) |
| 17:56 | Research | Wheelbarrow |
| 17:56 | Create | Villager (Male) |
| 17:57 | Create | Villager (Male) |
| 17:57 | Create | Villager (Male) |
| 18:18 | Research | Gold Mining |
| 18:22 | Create | Villager (Male) |
| 18:50 | Create | Villager (Male) |
| 19:15 | Build | Farm |
| 19:55 | Create | Villager (Male) |
| 19:56 | Create | Villager (Male) |
| 19:56 | Create | Villager (Male) |
| 20:36 | Build | Lumber Camp |
| 20:43 | Build | Farm |
| 21:53 | Research | Stone Mining |
| 23:14 | Build | Mill |
| 23:23 | Create | Villager (Male) |
| 23:23 | Create | Villager (Male) |
| 23:24 | Create | Villager (Male) |
| 23:24 | Create | Villager (Male) |
| 23:30 | Create | Villager (Male) |
| 23:48 | Build | Mill |
| 24:14 | Build | Barracks |
| 24:49 | Build | House |
| 24:50 | Build | House |
| 24:52 | Build | House |
| 24:52 | Build | House |
| 26:36 | Build | Mill |
| 26:54 | Create | Villager (Male) |
| 26:54 | Create | Villager (Male) |
| 26:55 | Create | Villager (Male) |
| 27:44 | Build | Stable |
| 27:48 | Create | Villager (Male) |
| 27:48 | Create | Villager (Male) |
| 28:51 | Build | Blacksmith |
| 28:55 | Create | Villager (Male) |
| 29:12 | Build | Mill |
| 29:35 | Research | Castle Age |
| 29:44 | Build | House |
| 29:45 | Build | House |
| 29:46 | Build | House |
| 29:47 | Build | House |
| 29:48 | Build | House |
| 29:50 | Build | House |
| 31:44 | Build | Town Center |
| 32:52 | Research | Castle Age |
| 32:56 | Create | Villager (Male) |
| 32:56 | Create | Villager (Male) |
| 32:57 | Create | Villager (Male) |
| 32:57 | Create | Villager (Male) |
| 33:26 | Build | Mill |
| 33:41 | Build | Lumber Camp |
| 35:32 | Age | Castle Age |
| 36:03 | Build | Stable |
| 36:05 | Build | Stable |
| 36:09 | Create | Villager (Male) |
| 36:09 | Create | Villager (Male) |
| 36:09 | Create | Villager (Male) |
| 36:10 | Create | Villager (Male) |
| 36:10 | Create | Villager (Male) |
| 36:13 | Create | Villager (Male) |
| 36:30 | Build | Mining Camp |
| 36:34 | Create | Villager (Male) |
| 37:02 | Research | Husbandry |
| 37:08 | Build | House |
| 37:09 | Build | House |
| 37:11 | Build | House |
| 37:12 | Build | House |
| 37:13 | Build | House |
| 37:14 | Build | House |
| 38:06 | Create | Knight |
| 38:06 | Create | Knight |
| 38:06 | Create | Knight |
| 38:07 | Create | Knight |
| 38:07 | Create | Knight |
| 38:07 | Create | Knight |
| 38:07 | Create | Knight |
| 38:08 | Create | Knight |
| 38:08 | Create | Knight |
| 38:15 | Create | Villager (Male) |
| 38:16 | Create | Villager (Male) |
| 39:40 | Build | Town Center |
| 39:49 | Research | Gold Shaft Mining |
| 39:51 | Create | Villager (Male) |
| 39:52 | Create | Villager (Male) |
| 39:52 | Create | Villager (Male) |
| 40:59 | Create | Villager (Male) |
| 40:59 | Create | Villager (Male) |
| 41:01 | Create | Villager (Male) |
| 41:14 | Build | Town Center |
Build order — jonohalcrow
First 150 of 356 actions detected
| 0:18 | Build | Dock |
| 0:20 | Build | House |
| 0:45 | Build | Town Center |
| 3:31 | Create | Villager (Male) |
| 3:31 | Create | Villager (Male) |
| 3:32 | Create | Villager (Male) |
| 3:32 | Create | Villager (Male) |
| 3:32 | Create | Villager (Male) |
| 3:40 | Create | Villager (Male) |
| 5:03 | Create | Villager (Male) |
| 5:03 | Create | Villager (Male) |
| 5:22 | Create | Fishing Ship |
| 5:35 | Research | Loom |
| 5:56 | Build | House |
| 6:12 | Create | Villager (Male) |
| 6:13 | Create | Villager (Male) |
| 6:59 | Create | Villager (Male) |
| 7:18 | Create | Fishing Ship |
| 7:18 | Create | Fishing Ship |
| 7:18 | Create | Fishing Ship |
| 7:23 | Build | House |
| 7:28 | Create | Villager (Male) |
| 7:41 | Create | Fishing Ship |
| 7:50 | Build | House |
| 7:54 | Create | Villager (Male) |
| 7:55 | Create | Villager (Male) |
| 8:28 | Create | Fishing Ship |
| 8:52 | Create | Villager (Male) |
| 9:05 | Build | Mill |
| 9:13 | Create | Villager (Male) |
| 9:22 | Create | Villager (Male) |
| 9:30 | Build | House |
| 9:38 | Create | Villager (Male) |
| 9:45 | Create | Villager (Male) |
| 9:48 | Create | Fishing Ship |
| 10:30 | Build | Mining Camp |
| 10:35 | Create | Villager (Male) |
| 11:00 | Create | Fishing Ship |
| 11:16 | Create | Villager (Male) |
| 11:24 | Research | Feudal Age |
| 11:24 | Research | Feudal Age |
| 11:24 | Research | Feudal Age |
| 13:41 | Build | House |
| 13:43 | Build | House |
| 13:51 | Age | Feudal Age |
| 13:56 | Build | Blacksmith |
| 14:01 | Build | Market |
| 14:09 | Create | Villager (Male) |
| 14:10 | Create | Villager (Male) |
| 14:11 | Create | Villager (Male) |
| 15:27 | Research | Castle Age |
| 15:28 | Research | Castle Age |
| 15:28 | Research | Castle Age |
| 16:22 | Build | Lumber Camp |
| 17:03 | Create | Villager (Male) |
| 17:03 | Create | Villager (Male) |
| 17:03 | Create | Villager (Male) |
| 17:04 | Create | Villager (Male) |
| 17:05 | Create | Villager (Male) |
| 17:45 | Build | House |
| 17:45 | Build | House |
| 18:04 | Research | Double-Bit Axe |
| 18:07 | Age | Castle Age |
| 18:11 | Build | Castle |
| 18:26 | Build | House |
| 18:30 | Build | Palisade Wall |
| 18:56 | Research | Town Watch |
| 19:05 | Build | Town Center |
| 19:30 | Research | Bow Saw |
| 19:30 | Research | Bow Saw |
| 19:30 | Research | Bow Saw |
| 19:36 | Research | Horse Collar |
| 20:38 | Create | Villager (Male) |
| 20:39 | Create | Villager (Male) |
| 20:47 | Create | Villager (Male) |
| 20:48 | Create | Villager (Male) |
| 20:48 | Create | Villager (Male) |
| 20:55 | Build | Farm |
| 20:58 | Build | Farm |
| 20:59 | Build | Farm |
| 21:01 | Build | Farm |
| 21:03 | Build | Farm |
| 21:33 | Create | Villager (Male) |
| 21:52 | Create | Villager (Male) |
| 22:11 | Create | Villager (Male) |
| 22:19 | Build | Farm |
| 22:21 | Build | Farm |
| 22:22 | Build | Farm |
| 22:25 | Build | Farm |
| 22:28 | Build | Farm |
| 22:35 | Create | Villager (Male) |
| 22:41 | Create | Villager (Male) |
| 23:04 | Build | Siege Workshop |
| 23:19 | Build | Stone Wall |
| 23:29 | Build | Lumber Camp |
| 23:34 | Create | Villager (Male) |
| 23:34 | Create | Villager (Male) |
| 23:43 | Build | Stone Wall |
| 23:52 | Build | Gate |
| 24:00 | Create | Villager (Male) |
| 24:00 | Create | Villager (Male) |
| 24:01 | Create | Villager (Male) |
| 24:07 | Create | Villager (Male) |
| 24:08 | Create | Villager (Male) |
| 24:26 | Create | Villager (Male) |
| 24:52 | Build | Castle |
| 25:02 | Build | House |
| 25:04 | Build | House |
| 25:25 | Create | Villager (Male) |
| 25:26 | Create | Villager (Male) |
| 25:26 | Create | Villager (Male) |
| 25:26 | Create | Villager (Male) |
| 25:51 | Create | Villager (Male) |
| 25:51 | Create | Villager (Male) |
| 25:51 | Create | Villager (Male) |
| 26:03 | Create | Villager (Male) |
| 26:28 | Build | Watch Tower |
| 26:40 | Create | Villager (Male) |
| 26:40 | Create | Villager (Male) |
| 26:46 | Build | Mill |
| 26:48 | Build | Farm |
| 26:49 | Build | Farm |
| 26:51 | Build | Farm |
| 26:54 | Build | Farm |
| 26:59 | Build | Farm |
| 27:19 | Build | Stone Wall |
| 28:00 | Create | Battering Ram |
| 28:07 | Create | Villager (Male) |
| 28:08 | Create | Villager (Male) |
| 28:17 | Research | Gold Mining |
| 28:20 | Research | Stone Mining |
| 28:20 | Research | Stone Mining |
| 28:56 | Create | Battering Ram |
| 28:56 | Create | Battering Ram |
| 28:56 | Create | Battering Ram |
| 29:36 | Build | Barracks |
| 29:38 | Build | Barracks |
| 30:36 | Create | Villager (Male) |
| 30:37 | Create | Villager (Male) |
| 30:53 | Build | Stone Wall |
| 31:21 | Build | Town Center |
| 31:26 | Create | Villager (Male) |
| 31:26 | Create | Villager (Male) |
| 31:27 | Create | Villager (Male) |
| 31:27 | Create | Villager (Male) |
| 31:28 | Create | Villager (Male) |
| 31:28 | Create | Villager (Male) |
| 32:25 | Research | Squires |
| 32:38 | Build | Town Center |
| 32:50 | Build | Town Center |
Match timeline
| 0:18 | jonohalcrow · first_building Dock |
| 0:34 | SanjiJose · first_building Dock |
| 0:54 | Level · first_building Dock |
| 1:14 | cfuneso · first_building Dock |
| 1:38 | Sanz1991 · first_building Dock |
| 2:21 | dauovit · first_building Dock |
| 3:43 | St Gerard · first_building Dock |
| 3:59 | Large Burger King · first_building Dock |
| 11:23 | Large Burger King · wall_segment Palisade Wall x1 |
| 11:32 | Large Burger King · first_building Barracks |
| 11:45 | Large Burger King · wall_segment Palisade Wall x1 |
| 12:34 | Large Burger King · wall_segment Palisade Wall x7 |
| 12:37 | St Gerard · wall_segment Palisade Wall x9 |
| 12:42 | St Gerard · wall_segment Palisade Wall x14 |
| 12:45 | Level · age_up feudal |
| 13:15 | cfuneso · first_building Barracks |
| 13:25 | Sanz1991 · wall_segment Palisade Wall x11 |
| 13:30 | SanjiJose · age_up feudal |
| 13:51 | jonohalcrow · age_up feudal |
| 14:05 | Large Burger King · wall_segment Palisade Wall x7 |
| 14:18 | SanjiJose · first_building Barracks |
| 14:45 | cfuneso · age_up feudal |
| 14:55 | cfuneso · first_building Archery Range |
| 15:04 | Large Burger King · age_up feudal |
| 15:04 | Sanz1991 · wall_segment Palisade Wall x5 |
| 15:08 | dauovit · age_up feudal |
| 15:09 | Sanz1991 · wall_segment Palisade Wall x10 |
| 15:12 | SanjiJose · first_market_sell 100 wood |
| 15:14 | Sanz1991 · wall_segment Palisade Wall x19 |
| 15:14 | Sanz1991 · wall_segment Palisade Wall x1 |
| 15:15 | jonohalcrow · first_market_sell 100 wood |
| 15:17 | Sanz1991 · wall_segment Palisade Wall x1 |
| 15:33 | Large Burger King · wall_segment Palisade Wall x6 |
| 15:35 | SanjiJose · wall_segment Stone Wall x1 |
| 15:41 | Sanz1991 · age_up feudal |
| 15:49 | St Gerard · age_up feudal |
| 16:51 | SanjiJose · wall_segment Stone Wall x11 |
| 17:51 | dauovit · first_building Barracks |
| 18:07 | jonohalcrow · age_up castle |
| 18:11 | jonohalcrow · first_building Castle |
| 18:15 | SanjiJose · age_up castle |
| 18:30 | jonohalcrow · wall_segment Palisade Wall x1 |
| 18:31 | Large Burger King · first_building Archery Range |
| 18:38 | Sanz1991 · first_market_sell 100 wood |
| 18:58 | Large Burger King · wall_segment Stone Wall x10 |
| 21:12 | Level · first_building Barracks |
| 21:31 | Sanz1991 · age_up castle |
| 22:02 | St Gerard · first_building Barracks |
| 22:13 | Level · first_building Archery Range |
| 22:20 | Large Burger King · age_up castle |
| 22:24 | Level · age_up castle |
| 22:31 | Level · first_building Castle |
| 22:32 | Sanz1991 · first_building Castle |
| 22:57 | St Gerard · first_building Stable |
| 23:04 | St Gerard · first_building Archery Range |
| 23:04 | jonohalcrow · first_building Siege Workshop |
| 23:08 | Level · first_building Stable |
| 23:19 | jonohalcrow · wall_segment Stone Wall x6 |
| 23:43 | jonohalcrow · wall_segment Stone Wall x17 |
| 23:51 | SanjiJose · first_building Stable |
| 23:57 | St Gerard · age_up castle |
| 24:30 | cfuneso · age_up castle |
| 24:31 | Large Burger King · first_building Castle |
| 24:34 | cfuneso · first_building Siege Workshop |
| 24:43 | St Gerard · first_building Siege Workshop |
| 25:05 | Level · first_building Monastery |
| 25:45 | Sanz1991 · first_building Siege Workshop |
| 25:58 | SanjiJose · first_market_buy 100 food |
| 26:21 | SanjiJose · first_building Castle |
| 26:22 | Level · first_building Siege Workshop |
| 27:19 | jonohalcrow · wall_segment Stone Wall x10 |
| 27:44 | dauovit · first_building Stable |
| 27:54 | SanjiJose · first_building Monastery |
| 29:36 | jonohalcrow · first_building Barracks |
| 30:07 | cfuneso · first_building Castle |
| 30:23 | Level · first_market_sell 100 wood |
| 30:25 | Level · first_market_buy 100 stone |
| 30:53 | jonohalcrow · wall_segment Stone Wall x8 |
| 31:31 | St Gerard · first_market_sell 100 wood |
| 31:51 | SanjiJose · age_up imperial |
| 32:00 | Sanz1991 · first_building Barracks |
| 32:38 | Sanz1991 · first_building Stable |
| 35:32 | dauovit · age_up castle |
| 35:51 | St Gerard · first_building Castle |
| 38:26 | Large Burger King · first_building Monastery |
| 38:34 | cfuneso · age_up imperial |
| 40:11 | Level · age_up imperial |
| 40:29 | SanjiJose · first_building Archery Range |
| 41:20 | jonohalcrow · first_building Monastery |
| 42:35 | jonohalcrow · first_market_buy 100 food |
| 43:09 | Large Burger King · first_market_sell 100 food |
| 44:08 | Large Burger King · age_up imperial |
| 45:41 | dauovit · first_building Castle |
| 45:59 | St Gerard · resign |
| 46:02 | jonohalcrow · age_up imperial |
[ AI ANALYSIS · 1 CREDIT ]
What really happened in this match?
Wolo.gg analyzes every decision: build order, eco, micro, common mistakes by bracket. Personalized analysis on WhatsApp or Discord in 30 seconds.
Civ guide
Italians
Perfil
Jugador #18888421